 Dungeon Crawl Stone Soup version 0.25.0-9-g26727b6 (webtiles) character file.

Game seed: 17280778409032536463

666 Ousak the Chiller (level 7, -2/52 HPs)
             Began as a Purple Draconian Ice Elementalist on June 17, 2020.
             Was a Follower of Sif Muna.
             Slain by a gnoll
             ... wielding a +0 halberd
              (6 damage)
             ... on level 5 of the Dungeon.
             The game lasted 00:08:17 (4302 turns).

Ousak the Chiller (DrIE)                            Turns: 4302, Time: 00:08:17

Health: -2/52      AC: 12    Str: 12    XL:     7   Next: 31%
Magic:  22/25      EV: 12    Int: 17    God:    Sif Muna [*.....]
Gold:   175        SH:  0    Dex: 16    Spells: 3/18 levels left

rFire    . . .     SeeInvis .   E - +6 flail of the Many Ships {vorpal, Str+2 Dex+4 Stlth-}
rCold    . . .     Gourm    .   (no shield)
rNeg     . . .     Faith    .   (armour unavailable)
rPois    .         Spirit   .   (helmet restricted)
rElec    .         Reflect  .   (no cloak)
rCorr    .         Harm     .   (no gloves)
MR       +....                  j - +1 pair of boots
Stlth    +.........             u - amulet of regeneration
HPRegen  0.57/turn              f - +4 ring of protection
MPRegen  0.19/turn              g - ring of magical power

@: frozen ramparts
A: breathe power, unfitting armour, cold-blooded, AC +6
a: Breathe Dispelling Energy, Channel Magic, Renounce Religion


You were on level 5 of the Dungeon.
You worshipped Sif Muna.
Sif Muna was aware of your devotion.
You were not hungry.

You visited 1 branch of the dungeon, and saw 5 of its levels.
You also visited: Sewer.

You collected 175 gold pieces.

Inventory:

Hand Weapons
 E - the +6 flail of the Many Ships (weapon) {vorpal, Str+2 Dex+4 Stlth-}
   (You found it on level 4 of the Dungeon)

   It inflicts extra damage upon your enemies.
   It affects your strength (+2).
   It affects your dexterity (+4).
   It makes you less stealthy.
Armour
 j - a +1 pair of boots (worn)
Jewellery
 f - a +4 ring of protection (left hand)
 g - a ring of magical power (right hand)
 u - an amulet of regeneration (around neck)
Wands
 l - a wand of random effects (13)
Scrolls
 a - 2 scrolls of amnesia {unknown}
 c - 2 scrolls of noise {unknown}
 h - 3 scrolls of identify {unknown}
 i - 3 scrolls of remove curse {unknown}
 k - a scroll of enchant armour {unknown}
 t - 2 scrolls of teleportation {unknown}
 w - a scroll of enchant weapon {unknown}
 x - a scroll of immolation {unknown}
 y - 2 scrolls of magic mapping {unknown}
 C - a scroll of fog {unknown}
 D - 2 scrolls of blinking {unknown}
Potions
 d - a potion of mutation {unknown}
 e - a potion of degeneration {unknown}
 m - a potion of might {unknown}
 o - 2 potions of stabbing {unknown}
 p - 2 potions of curing {unknown}
 q - a potion of brilliance {unknown}
 r - a potion of cancellation {unknown}
 s - a potion of haste {unknown}
 v - a potion of lignification {unknown}
 z - a potion of heal wounds {unknown}
 A - 2 potions of flight {unknown}
 B - a potion of invisibility {unknown}
Comestibles
 b - 7 rations
 n - 4 chunks of flesh


   Skills:
 - Level 1.5 Fighting
 + Level 2.7 Maces & Flails
 - Level 1.7 Dodging
 - Level 1.7 Stealth
 - Level 6.0 Spellcasting
 - Level 6.5 Ice Magic


You had 3 spell levels left.
You knew the following spells:

 Your Spells              Type           Power        Failure   Level  Hunger
a - Freeze                Ice            ####         1%          1    None
b - Frozen Ramparts       Ice            ####..       2%          3    ##.....
c - Ozocubu's Armour      Chrm/Ice       ###.....     10%         3    ##.....
d - Hailstorm             Conj/Ice       ###.....     32%         4    ####...
e - Summon Ice Beast      Ice/Summ       ###.....     32%         4    ####...

Your spell library contained the following spells:

 Spells                   Type           Power        Failure   Level  Hunger
 Animate Skeleton         Necr           N/A          13%         1    None
 Pain                     Necr           #...         13%         1    None
 Vampiric Draining        Necr           #.........   36%         3    ##.....
 Animate Dead             Necr           N/A          77%         4    ####...
 Agony                    Necr           #.......     98%         5    #####..


Dungeon Overview and Level Annotations

Branches:
Dungeon (5/15)             Temple (0/1) D:4           Sewer (visited)

Altars:
Dithmenos
Ru
Sif Muna
Trog
Uskayaw


Innate Abilities, Weirdness & Mutations

You can breathe bolts of dispelling energy.
Your rich purple scales are hard. (AC +6)
You cannot fit into any form of body armour.
You are cold-blooded and may be slowed by cold attacks.


Message History

You kill the gnoll!
Sif Muna accepts your kill. The gnoll hits you! The gnoll closely misses you.
The gnoll sergeant hits you with a +0 spear.
You are too injured to fight recklessly!
You are too injured to fight recklessly!
Casting: Freeze (safe; 1% risk of failure)
Confirm with . or Enter, or press ? or * to list all spells.
The walls around you are covered in ice.
The wall freezes the gnoll.
The gnoll hits you but does no damage.
The wall freezes the gnoll!
The gnoll hits you from afar with a +0 halberd!
* * * LOW HITPOINT WARNING * * *
The wall freezes the gnoll sergeant.
The gnoll sergeant barely misses you.
The crimson imp is frozen!
The wall freezes the crimson imp.
The wall freezes the gnoll.
The gnoll hits you.
* * * LOW HITPOINT WARNING * * *
The wall freezes the gnoll.
The gnoll hits you from afar with a +0 halberd.
You die...

# # # # ###.##..
....[).. ....)...
###
....############(#
....# #.....#..#
...##
......".@#######
####
#.......ggg5.... #
....?#...####### .
.... ##.....# . ##
#..##.# . ..#
#..#..###.###
...##.....##....#
...............#
..
#.........##.รท#


You could see a gnoll sergeant, 2 gnolls and a crimson imp.

Vanquished Creatures
  A water moccasin (D:3)
  A sky beast (D:5)
  An ogre (D:5)
  A crimson imp (D:5)
  An orc wizard (D:4)
  2 iguanas (D:5)
  Ijyb (D:3)
  9 adders
  A gnoll (D:5)
  A howler monkey skeleton (D:5)
  2 oozes (D:1)
  An adder skeleton (D:4)
  3 worms
  A dart slug (D:3)
  4 leopard geckos
  11 orcs
  13 bats
  8 giant cockroaches
  6 goblins
  6 hobgoblins
  11 jackals
  3 quokkas
  3 ball pythons
  5 frilled lizards
  8 kobolds
  A leopard gecko skeleton (D:4)
  7 rats
112 creatures vanquished.

Notes
Turn   | Place    | Note
-------+----------+-------------------------------------------
     0 | D:1      | Ousak the Draconian Ice Elementalist began the quest for
                  | the Orb.
     0 | D:1      | Reached XP level 1. HP: 14/14 MP: 3/3
     3 | D:1      | Noticed an electric eel
     3 | D:1      | Noticed an electric eel
   292 | D:1      | Reached XP level 2. HP: 20/20 MP: 3/5
   720 | D:1      | Reached XP level 3. HP: 20/26 MP: 3/6
  1014 | D:1      | Learned a level 3 spell: Frozen Ramparts
  1070 | D:2      | You fall into a shaft and drop 1 floor!
  1109 | D:3      | Noticed Ijyb
  1116 | D:3      | Killed Ijyb
  1526 | D:2      | Reached skill level 5 in Ice Magic
  1526 | D:2      | Reached XP level 4. HP: 34/34 MP: 4/8
  1776 | D:2      | Found a hide-covered altar of Uskayaw.
  1781 | D:2      | Found a shimmering blue altar of Sif Muna.
  2341 | D:2      | Became a worshipper of Sif Muna the Loreminder
  2615 | D:3      | Found a sacrificial altar of Ru.
  2619 | D:3      | Noticed a water moccasin
  2631 | D:3      | Killed a water moccasin
  2631 | D:3      | Reached XP level 5. HP: 39/39 MP: 4/11
  3131 | D:4      | Reached XP level 6. HP: 46/46 MP: 12/12
  3270 | D:4      | You fall into a shaft and drop 1 floor!
  3270 | D:5      | Entered Level 5 of the Dungeon
  3274 | D:5      | Reached skill level 1 in Fighting
  3345 | D:5      | Found a bloodstained altar of Trog.
  3393 | D:5      | Found a glowing drain.
  3399 | D:5      | Reached * piety under Sif Muna
  3418 | Sewer    | Entered a sewer
  3911 | D:4      | Found a staircase to the Ecumenical Temple.
  3971 | D:4      | Got a jewelled flail
  3982 | D:4      | Your scales start taking on a rich purple colour.
  3982 | D:4      | Reached XP level 7. HP: 43/52 MP: 16/16
  4013 | D:4      | Learned a level 3 spell: Ozocubu's Armour
  4018 | D:4      | Learned a level 4 spell: Hailstorm
  4023 | D:4      | Learned a level 4 spell: Summon Ice Beast
  4127 | D:4      | Identified the +6 flail of the Many Ships {vorpal, Str+2
                  | Dex+4 Stlth-} (You found it on level 4 of the Dungeon)
  4257 | D:5      | Found a shadowy altar of Dithmenos.
  4302 | D:5      | Slain by a gnoll

Illustrated notes

Levels and vault maps discovered:
D:1:      arrival_aquarium_b, layout_loops_ring, minmay_misc_feat_plants
D:2:      layout_basic, gammafunk_temple_overflow_pools
D:3:      layout_rooms, nicolae_ru_sacrificial_ziggurat,
          kennysheep_generic_room_9, uniq_ijyb
D:4:      layout_basic, minmay_temple_entry_glass
D:5:      layout_loops_cross, kennysheep_little_box, first_ration,
          ebering_ghost_rock_garden, portal_sewer_entry_c,
          nicolae_dithmenos_shadow_blocks

Skill      XL: |  1  2  3  4  5  6  7 |
---------------+----------------------+-----
Spellcasting   | 3 4 6 |  6.0
Ice Magic      | 5 6 |  6.5
Fighting       | 1 |  1.5
Maces & Flails | 2 |  2.7
Dodging        | |  1.7
Stealth        | |  1.7

Action                   |  1- 3 |  4- 6 |  7- 9 || total
-------------------------+-------+-------+-------++-------
Melee: Unarmed           |    24 |     6 |       ||    30
       Tailslap          |     5 |     9 |     3 ||    17
       Short sword       |       |    91 |       ||    91
       Flail             |       |       |    18 ||    18
 Cast: Freeze            |    37 |    22 |     2 ||    61
       Frozen Ramparts   |     1 |    18 |     2 ||    21
 Stab: Sleeping          |     1 |     2 |       ||     3
       Distracted        |       |     1 |       ||     1
  Eat: Chunk             |     2 |     9 |     2 ||    13
Armor: Skin              |    18 |    61 |    18 ||    97
Dodge: Dodged            |    31 |    93 |    14 ||   138
